 Dungeon Crawl Stone Soup version 0.18.1-48-g4cf74bf (webtiles) character file.

318 Joat the Geomancer (level 6, -4/32 HPs)
             Began as a Gargoyle Earth Elementalist on Aug 6, 2016.
             Slain by Thomus's ghost (13 damage)
             ... on level 3 of the Dungeon.
             The game lasted 00:24:18 (3780 turns).

Joat the Geomancer (Gargoyle Earth Elementalist)    Turns: 3780, Time: 00:24:19

Health: -4/32      AC:  8    Str: 11    XL:     6   Next: 45%
Magic:  6/9        EV: 14    Int: 18    God:
Gold:   109        SH:  0    Dex: 10    Spells: 1 memorised, 8 levels left

rFire  . . .     SeeInvis .     q - +4 club
rCold  . . .     Gourm    .     a - +0 robe
rNeg   + . .     Faith    .     (no shield)
rPois  ∞         Spirit   .     s - +1 helmet
rElec  +         Dismiss  .     (no cloak)
rCorr  .         Reflect  .     (no gloves)
SustAt .         Harm     .     (no boots)
MR     .....                    (no amulet)
Stlth  ++........               (no ring)
                                l - +2 ring of evasion

@: not resistant to hostile enchantments, unstealthy
A: negative energy resistance 1, electricity resistance, unbreathing,
petrification resistance, rot immunity, AC +4
a: no special abilities


You were on level 3 of the Dungeon.
You were not hungry.

You visited 1 branch of the dungeon, and saw 3 of its levels.

You collected 109 gold pieces.

Inventory:

Hand Weapons
 q - a +4 club (weapon)
Missiles
 b - 52 stones (quivered)
Armour
 a - a +0 robe (worn)
 r - a +0 shield
 s - a +1 helmet (worn)
Jewellery
 j - an uncursed ring of fire
 l - a +2 ring of evasion (left hand)
Scrolls
 f - a scroll of enchant weapon {unknown}
 h - a scroll of enchant armour
 o - 2 scrolls of remove curse {unknown}
 p - a scroll of teleportation {unknown}
 t - a scroll of fear {unknown}
Potions
 m - 2 potions of mutation {unknown}
 v - a potion of magic {unknown}
Books
 c - a book of Geomancy

   Spells                             Type                      Level
   a - Sandblast                      Earth                        1
   b - Passwall                       Transmutation/Earth          2
   c - Stone Arrow                    Conjuration/Earth            3
   d - Petrify                        Transmutation/Earth          4
   e - Lee's Rapid Deconstruction     Earth                        5
Comestibles
 d - 2 bread rations
 g - a beef jerky
 i - a chunk of flesh
 k - 4 fruits
 n - a royal jelly


   Skills:
 - Level 1.5 Dodging
 - Level 2.1 Stealth
 - Level 2.0 Spellcasting
   Level 0.7 Transmutations
 + Level 8.5 Earth Magic


You had 8 spell levels left.
You knew the following spells:

 Your Spells              Type           Power        Failure   Level  Hunger
a - Sandblast             Erth           ####..       1%          1    #......


Dungeon Overview and Level Annotations

Branches:
Dungeon (3/15)

Altars:
Kikubaaqudgha
Trog

Annotations:
D:3 Thomus's ghost, amateur HOFi


Innate Abilities, Weirdness & Mutations

You are resistant to torment.
Your stone body is resilient (AC +4).
You are immune to poison.
You resist negative energy.
You are resistant to electric shocks.
You can survive without breathing.
You are immune to petrification.
You are immune to rotting.


Message History

Thomus's ghost is lightly damaged.
Thomus's ghost barely misses you.
Casting: Sandblast
Confirm with . or Enter, or press ? or * to list all spells.
Aiming: Sandblast
Press: ? - help, Shift-Dir - straight line, f/p - Thomus's ghost
Aim: Thomus's ghost (lightly damaged)
The blast of sand hits Thomus's ghost.
Thomus's ghost is lightly damaged.
Thomus's ghost hits you!
* * * LOW HITPOINT WARNING * * *
Casting: Sandblast
Confirm with . or Enter, or press ? or * to list all spells.
Aiming: Sandblast
Press: ? - help, Shift-Dir - straight line, f/p - Thomus's ghost
Aim: Thomus's ghost (lightly damaged)
The blast of sand hits Thomus's ghost.
Thomus's ghost is lightly damaged.
Thomus's ghost hits you!
You die...

##.#####.........##.......
#................)........
########.........##.......
#.........##.......
#.........##.......
#.........##.......
#.........##.......
####.........##.......
#...W@...######.......
#.######.# #....... ##.##
#.# ######)# #...#
#.#########.... #...#
#.............. #...# ###
######..... #...# #)##..
#...# ########.#### #...#
####.........#


You could see Thomus's ghost.

Vanquished Creatures
  A sky beast (D:3)
  An orc priest (D:3)
  Terence (D:3)
  Ijyb (D:3)
  Natasha (D:3)
  Robin (D:3)
  An ooze (D:1)
  3 dart slugs
  4 worms
  2 giant geckos (D:2)
  9 orcs (D:3)
  2 ball pythons
  2 giant cockroaches
  13 hobgoblins
  7 jackals
  2 quokkas
  3 bats
  13 goblins
  4 kobolds
  5 rats
  5 toadstools (D:1)
81 creatures vanquished.

Notes
Turn   | Place    | Note
--------------------------------------------------------------
     0 | D:1      | Joat the Gargoyle Earth Elementalist began the quest for the Orb.
     0 | D:1      | Reached XP level 1. HP: 10/10 MP: 3/3
    93 | D:1      | Reached skill level 4 in Earth Magic
   261 | D:1      | Reached XP level 2. HP: 15/15 MP: 1/5
  1324 | D:2      | Found an ancient bone altar of Kikubaaqudgha.
  1377 | D:2      | Reached XP level 3. HP: 19/19 MP: 4/6
  1382 | D:2      | Reached skill level 5 in Earth Magic
  1399 | D:2      | Found a bloodstained altar of Trog.
  2253 | D:3      | Noticed Robin
  2279 | D:3      | Reached XP level 4. HP: 24/24 MP: 0/7
  2314 | D:3      | Killed Robin
  2314 | D:3      | Reached skill level 6 in Earth Magic
  2656 | D:3      | Noticed Ijyb
  2663 | D:3      | Killed Ijyb
  2663 | D:3      | Reached XP level 5. HP: 27/28 MP: 2/8
  2850 | D:3      | Reached skill level 7 in Earth Magic
  2974 | D:3      | Noticed Terence
  3002 | D:3      | Killed Terence
  3462 | D:3      | Noticed a sky beast
  3476 | D:3      | Noticed Natasha
  3476 | D:3      | Killed a sky beast
  3476 | D:3      | Reached skill level 8 in Earth Magic
  3476 | D:3      | Reached XP level 6. HP: 23/32 MP: 1/9
  3493 | D:3      | Killed Natasha
  3774 | D:3      | Noticed Thomus's ghost (amateur HOFi)
  3780 | D:3      | Slain by Thomus's ghost

Skill      XL: |  1  2  3  4  5 |
---------------+----------------+-----
Earth Magic    | 4 5 6 8 |  8.5
Dodging        | |  1.5
Stealth        | |  2.1
Spellcasting   | |  2.0
Transmutations | |  0.7

Action                   |  1- 3 |  4- 6 || total
-------------------------+-------+-------++-------
Melee: Unarmed           |    22 |       ||    22
       Spear             |    40 |    21 ||    61
       Club              |       |    85 ||    85
 Cast: Sandblast         |    74 |    58 ||   132
  Use: Potion            |       |     2 ||     2
       Scroll            |       |     1 ||     1
 Stab: Sleeping          |     1 |     2 ||     3
       Distracted        |       |     1 ||     1
  Eat: Meat ration       |     1 |       ||     1
       Chunk             |       |     7 ||     7
Armor: Robe              |    17 |    32 ||    49
Dodge: Dodged            |    57 |    90 ||   147
